[Event "Titled Tuesday Blitz January 31 Early 2023"]
[White "Shipov, Sergei"]
[Black "Lucassen, Mickey"]
[WhiteFideId "4113624"]
[BlackFideId "12919110"]
[WhiteElo "2541"]
[BlackElo "2023"]
[Result "1-0"]
[Round "10"]
[TimeControl "180+2"]
[Date "2023.01.31"]
[WhiteClock "0:01:18"]
[BlackClock "0:01:27"]

1. d4 Nf6 2. c4 c5 3. d5 b5 4. cxb5 a6 5. e3 g6 6. Nc3 Bg7 7. Nf3 O-O 8. a4 Bb7 9. e4 e6 10. Be2 exd5 11. exd5 axb5 12. Bxb5 Qe7+ 13. Be3 Ng4 14. Qd2 Re8 15. O-O Nxe3 16. Rfe1 Bh6 17. Kh1 d6 18. Bxe8 Qxe8 19. fxe3 Nd7 20. a5 Ba6 21. Qf2 Ne5 22. Nxe5 Qxe5 23. Qg3 Qxg3 24. hxg3 Rb8 25. e4 Bg7 26. e5 Bxe5 27. Rxe5 dxe5 28. Ne4 Bb7 29. a6 Bxd5 30. Nf6+ Kg7 31. Nxd5 1-0


[Site "https://www.chess.com"]

[Event "Titled Tuesday Blitz January 31 Early 2023"]
[White "Abdilkhair, Abilmansur"]
[Black "Svane, Frederik"]
[WhiteFideId "13716417"]
[BlackFideId "12923044"]
[WhiteElo "2268"]
[BlackElo "2600"]
[Result "0-1"]
[Round "10"]
[TimeControl "180+2"]
[Date "2023.01.31"]
[WhiteClock "0:00:04"]
[BlackClock "0:00:10"]

1. d4 Nf6 2. c4 e6 3. g3 d5 4. Bg2 dxc4 5. Nf3 c6 6. O-O b5 7. a4 a6 8. Ne5 Bb7 9. b3 cxb3 10. Qxb3 Qxd4 11. Bb2 Qb4 12. Qc2 Qc5 13. Qb3 Be7 14. Rc1 Qb6 15. Nc4 Qd8 16. Rd1 Nbd7 17. Ne5 Qc7 18. Nxd7 Nxd7 19. Bxg7 Rg8 20. Bh6 O-O-O 21. axb5 axb5 22. Nc3 Nc5 23. Qc2 Rxd1+ 24. Rxd1 Rd8 25. Be3 Rxd1+ 26. Qxd1 Qe5 27. Qc2 b4 28. Ne4 Qa1+ 29. Bf1 b3 30. Qc4 Nxe4 31. Qxb3 Qe5 32. Qb1 c5 33. f4 Qd5 34. Bg2 Nc3 35. Qc2 Qxg2# 0-1


[Site "https://www.chess.com"]

[Event "Titled Tuesday Blitz January 31 Early 2023"]
[White "Kalogeris, Ioannis"]
[Black "Zhigalko, Sergei"]
[WhiteFideId "4239563"]
[BlackFideId "13502956"]
[WhiteElo "2423"]
[BlackElo "2572"]
[Result "0-1"]
[Round "10"]
[TimeControl "180+2"]
[Date "2023.01.31"]
[WhiteClock "0:00:08"]
[BlackClock "0:00:03"]

1. e4 c5 2. Nf3 Nc6 3. Nc3 Nf6 4. e5 Ng4 5. Qe2 f6 6. exf6 Nxf6 7. d4 Nxd4 8. Nxd4 cxd4 9. Nb5 Qb6 10. Qe5 d6 11. Qxd4 Qxd4 12. Nxd4 a6 13. Bc4 d5 14. Bb3 e5 15. Nf3 Bd6 16. Be3 Bg4 17. h3 Bxf3 18. gxf3 d4 19. Bg5 Rf8 20. f4 h6 21. Bxf6 Rxf6 22. fxe5 Bxe5 23. Bd5 O-O-O 24. Be4 d3 25. cxd3 Bxb2 26. Rb1 Rb6 27. Ke2 Rdd6 28. Rhg1 Kd8 29. Rg3 Re6 30. Rf3 Bf6 31. Rxb6 Rxb6 32. a4 Rb2+ 33. Kf1 b6 34. Rf5 Kc7 35. a5 Bd4 36. axb6+ Kxb6 37. Rf7 Kc5 38. Kg2 a5 39. Rc7+ Kd6 40. Rf7 a4 41. Kg3 a3 42. Rf8 a2 43. Ra8 Rd2 44. f4 a1=Q 0-1


[Site "https://www.chess.com"]

[Event "Titled Tuesday Blitz January 31 Early 2023"]
[White "Kosakowski, Jakub"]
[Black "Lotfizadeh, Mehdi"]
[WhiteFideId "1185080"]
[BlackFideId "42513618"]
[WhiteElo "2485"]
[BlackElo "1529"]
[Result "0-1"]
[Round "10"]
[TimeControl "180+2"]
[Date "2023.01.31"]
[WhiteClock "0:00:03"]
[BlackClock "0:00:07"]

1. e4 c5 2. Nf3 d6 3. d4 cxd4 4. Nxd4 Nf6 5. Nc3 a6 6. Be3 e5 7. Nb3 Be6 8. f3 h5 9. Nd5 Bxd5 10. exd5 Nbd7 11. Qd2 g6 12. O-O-O Nb6 13. Kb1 Nbxd5 14. Bg5 Be7 15. Bd3 a5 16. Bc4 a4 17. Nc1 Ra5 18. Nd3 O-O 19. Rhe1 a3 20. b4 Ra8 21. h4 Qc7 22. Nxe5 dxe5 23. Bxd5 Nxd5 24. Qxd5 Bxb4 25. Rxe5 Qc3 26. Bc1 Rad8 27. Qxd8 Rxd8 28. Rxd8+ Kg7 29. Ree8 Be7 30. Rd3 Qb4+ 31. Rb3 Qd6 32. Bxa3 Qd1+ 33. Bc1 Bxh4 34. Rd3 Qf1 35. Re4 Bf6 36. g4 h4 37. f4 g5 38. f5 h3 39. Rd8 Qb5+ 0-1


[Site "https://www.chess.com"]

[Event "Titled Tuesday Blitz January 31 Early 2023"]
[White "Roux, Baptiste"]
[Black "Pulpan, Jakub"]
[WhiteFideId "36017450"]
[BlackFideId "302759"]
[WhiteElo "2300"]
[BlackElo "2427"]
[Result "1/2-1/2"]
[Round "10"]
[TimeControl "180+2"]
[Date "2023.01.31"]
[WhiteClock "0:00:12"]
[BlackClock "0:01:17"]

1. e4 g6 2. g3 Bg7 3. Bg2 Nc6 4. Nc3 Nf6 5. d3 O-O 6. Nge2 Rb8 7. a4 a6 8. O-O b5 9. axb5 axb5 10. h3 b4 11. Nd5 e6 12. Ne3 d5 13. exd5 exd5 14. Nf4 Ne7 15. Qf3 Bb7 16. Qd1 d4 17. Nc4 Bxg2 18. Kxg2 b3 19. cxb3 Ned5 20. Kh2 Nxf4 21. Bxf4 Nd5 22. Bd2 Qf6 23. Ra5 Rfd8 24. b4 h6 25. b5 Qf5 26. Kg2 Qxd3 27. b3 Nc3 28. Bxc3 Qxc3 29. Ra7 Rdc8 30. Re1 Bf6 31. Qf3 Qxf3+ 32. Kxf3 Rxb5 33. Rb1 Kg7 34. b4 h5 35. Ke4 Rf5 36. f4 h4 37. g4 Re8+ 38. Ne5 Rfxe5+ 39. fxe5 Rxe5+ 40. Kd3 Re3+ 41. Kd2 Be5 42. Re1 Bd6 43. Rxe3 dxe3+ 44. Kxe3 Kf6 45. Ke4 Kg5 46. b5 f5+ 47. gxf5 gxf5+ 48. Kf3 Kf6 49. Ra8 Ke5 50. Rh8 Be7 51. Rh7 Ke6 52. Kf4 Bd6+ 53. Kg5 Be7+ 54. Kh5 Bd8 55. Rh8 Be7 56. Ra8 f4 57. Kg4 Kd5 58. Kxf4 Kc5 59. Rc8 Bd6+ 60. Kg4 Bg3 61. Rb8 c6 62. Rc8 Kxb5 63. Kf3 c5 64. Ke4 Kc4 65. Ke3 Kd5 66. Kd3 Be5 67. Rd8+ Bd6 68. Rh8 c4+ 69. Kd2 Bg3 70. Rh5+ Kd4 71. Rh8 Bf4+ 72. Kc2 Bg3 73. Rd8+ Kc5 74. Kc3 Be5+ 75. Kc2 Bg3 76. Rc8+ Kd4 77. Rd8+ Ke3 78. Kc3 Kf3 79. Kxc4 Kg2 80. Rh8 Kxh3 81. Kd3 Kg2 82. Ke2 h3 83. Rxh3 Kxh3 1/2-1/2


[Site "https://www.chess.com"]

[Event "Titled Tuesday Blitz January 31 Early 2023"]
[White "Shapiro, Viktor"]
[Black "Rakhmatullaev, Almas"]
[WhiteFideId "4175700"]
[BlackFideId "14205793"]
[WhiteElo "2192"]
[BlackElo "2275"]
[Result "1-0"]
[Round "10"]
[TimeControl "180+2"]
[Date "2023.01.31"]
[WhiteClock "0:00:47"]
[BlackClock "0:00:05"]

1. c4 Nf6 2. Nc3 e6 3. g3 d5 4. Bg2 Be7 5. Nf3 O-O 6. O-O d4 7. Na4 c5 8. d3 Nc6 9. e3 e5 10. exd4 cxd4 11. Re1 Bd6 12. c5 Bc7 13. b4 Nxb4 14. Nxe5 Re8 15. Qb3 Nbd5 16. Nf3 Rxe1+ 17. Nxe1 Be6 18. Qxb7 Rb8 19. Qa6 Nb4 20. Qxa7 Bd5 21. Bxd5 Nfxd5 22. Nb6 Nc3 23. Bd2 h5 24. a3 Nc6 25. Qa6 Ne5 26. Nc4 Ng4 27. Qc6 h4 28. Qf3 Nf6 29. gxh4 Nfd5 30. Bg5 Qd7 31. Ng2 Re8 32. Re1 Rxe1+ 33. Nxe1 f6 34. Bd2 Qe6 35. Kf1 Nf4 36. Nd6 Bxd6 37. cxd6 Nfd5 38. Ng2 Qxd6 39. Nf4 Nxf4 40. Qxf4 Qxa3 41. Qxd4 Qa1+ 42. Kg2 Qa8+ 43. f3 Nd5 44. Qe4 Qc6 45. Kg3 Qd6+ 46. f4 Qd7 47. h5 Ne7 48. Kf2 Nf5 49. Be3 Kh7 50. d4 Kh6 51. d5 Kxh5 52. Qe6 Qxe6 53. dxe6 Kg6 54. Bc5 Nh4 55. Kg3 Nf5+ 56. Kf3 Nh4+ 57. Ke4 f5+ 58. Kd5 Nf3 59. Kd6 Nxh2 60. Kd7 Ng4 61. Bd4 Nf6+ 62. Bxf6 Kxf6 63. e7 g5 64. e8=Q gxf4 65. Qf8+ Kg5 66. Kd6 f3 67. Ke5 Kg4 68. Qxf5+ Kg3 69. Ke4 f2 70. Ke3 Kh2 71. Qxf2+ Kh1 72. Qf7 Kg1 73. Qg6+ Kf1 74. Qg7 1-0


[Site "https://www.chess.com"]

[Event "Titled Tuesday Blitz January 31 Early 2023"]
[White "Ismagilov, Damir"]
[Black "Kukhmazov, Arsen"]
[WhiteFideId "34199982"]
[BlackFideId "24108260"]
[WhiteElo "2156"]
[BlackElo "2512"]
[Result "0-1"]
[Round "10"]
[TimeControl "180+2"]
[Date "2023.01.31"]
[WhiteClock "0:00:05"]
[BlackClock "0:00:20"]

1. e4 e5 2. Nf3 Nc6 3. Nc3 Nf6 4. a4 a6 5. Bc4 Bc5 6. O-O O-O 7. d3 h6 8. Be3 d6 9. h3 Bxe3 10. fxe3 Be6 11. Nd5 Nd7 12. Qe2 Ne7 13. Nxe7+ Qxe7 14. Bxe6 fxe6 15. Rf2 b5 16. b3 bxa4 17. Rxa4 a5 18. Rf1 Nb6 19. Ra3 a4 20. bxa4 Rxa4 21. Rxa4 Nxa4 22. Nd2 Rb8 23. Nc4 Nc5 24. Qg4 Nd7 25. Na5 Rb6 26. Nc4 Rb8 27. Na5 Rb6 28. Nc4 Rb5 29. Ra1 Nf6 30. Qg6 Qe8 31. Qxe8+ Nxe8 32. Ra8 Kf7 33. Rc8 Ke7 34. Kf2 Rb1 35. Ra8 Rc1 36. Ra2 Nf6 37. Ke2 Nd7 38. Na5 d5 39. exd5 exd5 40. e4 dxe4 41. dxe4 Nc5 42. Kf3 Rf1+ 43. Ke2 Rg1 44. Kf2 Rb1 45. Kf3 Rb4 46. c3 Rxe4 47. Nc6+ Kd6 48. Nb4 Rc4 49. Rd2+ Ke6 50. Nd5 Ne4 51. Nxc7+ Rxc7 52. Kxe4 Rxc3 53. Ra2 Rc4+ 54. Ke3 Kf5 55. Rf2+ Rf4 56. Ra2 g6 57. Ra7 Rb4 58. Ra2 Rb3+ 59. Kf2 Kf4 60. Rc2 e4 61. Ra2 h5 62. Rc2 g5 63. Ra2 g4 64. hxg4 hxg4 65. Rc2 g3+ 66. Ke2 Re3+ 67. Kf1 Ra3 68. Ke2 Ra1 69. Rc8 Ra2+ 70. Kf1 Rf2+ 71. Kg1 Rd2 72. Kf1 Ke3 73. Rc1 Kd3 74. Ra1 Rc2 75. Ra3+ Rc3 76. Rxc3+ Kxc3 77. Ke2 Kc2 78. Ke3 Kd1 79. Kxe4 Ke2 80. Kf4 Kf2 81. Kg4 Kxg2 82. Kh4 Kf2 83. Kg4 g2 84. Kf5 g1=Q 0-1


[Site "https://www.chess.com"]

[Event "Titled Tuesday Blitz January 31 Early 2023"]
[White "Koelle, Tobias"]
[Black "Senthil, Maran K"]
[WhiteFideId "16207378"]
[BlackFideId "25035681"]
[WhiteElo "2432"]
[BlackElo "2209"]
[Result "1-0"]
[Round "10"]
[TimeControl "180+2"]
[Date "2023.01.31"]
[WhiteClock "0:01:09"]
[BlackClock "0:00:02"]

1. e4 c5 2. Qg4 d5 3. Bb5+ Nc6 4. Bxc6+ bxc6 5. Qe2 Nf6 6. d3 e6 7. Nf3 Be7 8. O-O a5 9. a4 O-O 10. b3 Ba6 11. c4 Rb8 12. Qc2 Nd7 13. Bf4 Rb7 14. Nbd2 f6 15. Bg3 e5 16. h3 Nb6 17. Nh2 Rd7 18. Rad1 Qc8 19. Ng4 Rfd8 20. Nb1 Na8 21. Ne3 Nc7 22. Nf5 Bf8 23. f3 Ne6 24. Be1 Nd4 25. Nxd4 cxd4 26. Bxa5 Re8 27. Be1 Qb7 28. Nd2 Rb8 29. Rb1 Qb6 30. exd5 cxd5 31. cxd5 Bb4 32. Nc4 Qc5 33. Bxb4 Rxb4 34. f4 e4 35. dxe4 Bxc4 36. bxc4 Rxc4 37. Qb3 f5 38. Qb8+ Kf7 39. Qe5 d3+ 40. Kh1 Qd6 41. Qxf5+ Ke7 42. Qxh7 Qf6 43. d6+ Rxd6 44. e5 Qg6 45. exd6+ Qxd6 46. Qxg7+ Kd8 47. Qg8+ Kd7 48. Qxc4 1-0


[Site "https://www.chess.com"]

[Event "Titled Tuesday Blitz January 31 Early 2023"]
[White "Averjanov, Alexey"]
[Black "Borrmann, Laurenz"]
[WhiteFideId "14109867"]
[BlackFideId "312187930"]
[WhiteElo "2399"]
[BlackElo "2304"]
[Result "1-0"]
[Round "10"]
[TimeControl "180+2"]
[Date "2023.01.31"]
[WhiteClock "0:01:45"]
[BlackClock "0:00:02"]

1. d4 Nf6 2. c4 e6 3. Nf3 Bb4+ 4. Nbd2 O-O 5. g3 d5 6. Qc2 b6 7. Bg2 Ba6 8. O-O Nbd7 9. b3 Rc8 10. e4 c5 11. exd5 exd5 12. Rd1 cxd4 13. Nxd4 Ne5 14. Bb2 dxc4 15. Nxc4 Qc7 16. Qf5 Nxc4 17. bxc4 Qxc4 18. a3 Bc3 19. Rac1 Bxb2 20. Rxc4 Rxc4 21. Nc6 Bxa3 22. Ra1 Ra4 23. Qf3 Bb7 24. Qb3 Bxc6 25. Bxc6 1-0


[Site "https://www.chess.com"]

[Event "Titled Tuesday Blitz January 31 Early 2023"]
[White "Aradhya, Garg"]
[Black "Ezat, Mohamed"]
[WhiteFideId "25006746"]
[BlackFideId "10600906"]
[WhiteElo "2284"]
[BlackElo "2402"]
[Result "1-0"]
[Round "10"]
[TimeControl "180+2"]
[Date "2023.01.31"]
[WhiteClock "0:01:05"]
[BlackClock "0:00:04"]

1. d4 Nf6 2. c4 g6 3. Nf3 Bg7 4. g3 O-O 5. Bg2 d6 6. Nc3 Nc6 7. O-O Bg4 8. h3 Bxf3 9. Bxf3 Nd7 10. Be3 e5 11. d5 Ne7 12. Bd2 f5 13. e4 Nf6 14. b4 Qd7 15. Kg2 Kh8 16. a4 Neg8 17. a5 Bh6 18. c5 Qg7 19. a6 b6 20. cxd6 cxd6 21. Rc1 Rad8 22. Qe2 Rf7 23. Rc2 Rdf8 24. Nb5 fxe4 25. Bxe4 Nxe4 26. Qxe4 Nf6 27. Qe2 Bxd2 28. Rxd2 Rd7 29. Rc1 Qf7 30. Qf3 Qe8 31. Rc6 Qd8 32. Rdc2 Kg7 33. Rc7 Rxc7 34. Rxc7+ Rf7 35. Rxf7+ Kxf7 36. Qc3 Ne4 37. Qf3+ Nf6 38. Nxa7 Qa8 39. Nb5 Qxa6 40. Nxd6+ Kg7 41. Ne4 Nxd5 42. Ng5 Qc4 43. Ne6+ Kh6 44. Qf8+ Kh5 45. g4+ Kh4 46. Qh6# 1-0


[Site "https://www.chess.com"]

[Event "Titled Tuesday Blitz January 31 Early 2023"]
[White "Hasangatin, Ramil"]
[Black "Toncheva, Nadya"]
[WhiteFideId "4122160"]
[BlackFideId "2924056"]
[WhiteElo "2457"]
[BlackElo "2295"]
[Result "1-0"]
[Round "10"]
[TimeControl "180+2"]
[Date "2023.01.31"]
[WhiteClock "0:01:24"]
[BlackClock "0:00:09"]

1. e4 c5 2. Nf3 Nc6 3. Bb5 e6 4. Bxc6 bxc6 5. d3 d6 6. e5 d5 7. c4 Ne7 8. Nc3 Nf5 9. b3 h5 10. O-O Be7 11. Ba3 Nd4 12. Na4 Qc7 13. Re1 Qa5 14. Kf1 h4 15. h3 Rh6 16. Nxd4 cxd4 17. Bxe7 Kxe7 18. Qg4 c5 19. Qg5+ Ke8 20. Rac1 Bd7 21. Qxg7 Bxa4 22. Qxh6 Bc6 23. Qxh4 dxc4 24. bxc4 Qxa2 25. Qf6 Qd2 26. Rcd1 Qc2 27. h4 Qb3 28. h5 Qb7 29. h6 Bxg2+ 30. Ke2 Qe7 31. h7 Qxf6 32. exf6 Kd7 33. Rg1 Rh8 34. Rxg2 Rxh7 35. Rg7 1-0


[Site "https://www.chess.com"]

[Event "Titled Tuesday Blitz January 31 Early 2023"]
[White "Starozhilov, Leonid"]
[Black "Veiga, Jose Francisco R P Neves"]
[WhiteFideId "14106752"]
[BlackFideId "1930087"]
[WhiteElo "2313"]
[BlackElo "2406"]
[Result "1-0"]
[Round "10"]
[TimeControl "180+2"]
[Date "2023.01.31"]
[WhiteClock "0:00:10"]
[BlackClock "0:00:44"]

1. e4 Nc6 2. Bb5 e5 3. Nf3 Nge7 4. c3 a6 5. Ba4 b5 6. Bb3 d5 7. O-O Bg4 8. exd5 Nxd5 9. h3 Be6 10. d4 exd4 11. Nxd4 Nxd4 12. Qxd4 c5 13. Qe4 Be7 14. Re1 Ra7 15. c4 Nf6 16. Qc6+ Qd7 17. cxb5 axb5 18. Qxd7+ Kxd7 19. Bxe6+ fxe6 20. Bf4 Nd5 21. Be5 Bf6 22. Nd2 Rha8 23. a3 c4 24. Rad1 c3 25. bxc3 Rxa3 26. c4 bxc4 27. Nxc4 Rb3 28. Bxf6 gxf6 29. Ne3 Ra5 30. Rd4 Kc6 31. Rc1+ Kb6 32. Nc4+ Kb5 33. Nxa5 Kxa5 34. Rc6 Rb6 35. Rxb6 Kxb6 36. Rh4 Kc5 37. Rxh7 Kd6 38. Rg7 Ke5 39. h4 f5 40. h5 Kf6 41. h6 Nf4 42. Rg8 Ne2+ 43. Kf1 Ng3+ 44. fxg3 1-0


[Site "https://www.chess.com"]

[Event "Titled Tuesday Blitz January 31 Early 2023"]
[White "Mirzoev, Azer"]
[Black "Tomaszewski, Kacper"]
[WhiteFideId "13400304"]
[BlackFideId "1127373"]
[WhiteElo "2416"]
[BlackElo "2313"]
[Result "1-0"]
[Round "10"]
[TimeControl "180+2"]
[Date "2023.01.31"]
[WhiteClock "0:01:27"]
[BlackClock "0:01:06"]

1. Nf3 d5 2. c4 e6 3. d4 Nf6 4. e3 c5 5. cxd5 exd5 6. Bb5+ Nc6 7. Ne5 Bd7 8. Nxd7 Qxd7 9. O-O cxd4 10. exd4 Be7 11. Nc3 O-O 12. h3 a6 13. Ba4 b5 14. Bc2 Rfe8 15. Bg5 Ne4 16. Nxe4 dxe4 17. Bxe7 Rxe7 18. d5 Nb4 19. Bb3 Rd8 20. Qd4 Nxd5 21. Rad1 Nf6 22. Qb6 Re6 23. Rxd7 1-0


[Site "https://www.chess.com"]

[Event "Titled Tuesday Blitz January 31 Early 2023"]
[White "Vlassov, Nikolai"]
[Black "Vestby-Ellingsen, Mads"]
[WhiteFideId "4103360"]
[BlackFideId "1520857"]
[WhiteElo "2283"]
[BlackElo "2387"]
[Result "0-1"]
[Round "10"]
[TimeControl "180+2"]
[Date "2023.01.31"]
[WhiteClock "0:00:06"]
[BlackClock "0:00:31"]

1. e4 e5 2. Bc4 Nf6 3. d3 Bc5 4. Nf3 d6 5. Bg5 h6 6. Bh4 g5 7. Bg3 Bg4 8. h4 Nh5 9. hxg5 hxg5 10. c3 Qf6 11. Nbd2 Nxg3 12. Bxf7+ Kxf7 13. Rxh8 Qxh8 14. Qb3+ Kf6 15. O-O-O Ne2+ 16. Kc2 Nf4 17. Qxb7 Nd7 18. d4 Bb6 19. Nc4 Be6 20. Nxb6 axb6 21. Qxc7 Qb8 22. dxe5+ Nxe5 23. Qxd6 Qxd6 24. Rxd6 Nxf3 25. gxf3 b5 26. a3 Ke5 27. Rb6 Bc4 28. b3 Bf1 29. c4 bxc4 30. bxc4 Bxc4 31. Kc3 Be6 32. Kb4 Nd3+ 33. Kb5 Rxa3 34. Kc6 Rc3+ 35. Kb7 Rb3 0-1


[Site "https://www.chess.com"]

[Event "Titled Tuesday Blitz January 31 Early 2023"]
[White "Dehtiarov, Roman"]
[Black "Ongut, Tamas Gunes"]
[WhiteFideId "14186640"]
[BlackFideId "770280"]
[WhiteElo "2289"]
[BlackElo "2299"]
[Result "1-0"]
[Round "10"]
[TimeControl "180+2"]
[Date "2023.01.31"]
[WhiteClock "0:01:28"]
[BlackClock "0:01:11"]

1. e4 c5 2. Nc3 e6 3. f4 d5 4. Nf3 d4 5. Ne2 Qa5 6. g3 f5 7. exf5 exf5 8. Bg2 d3 9. cxd3 Nf6 10. O-O Nc6 11. Ne5 Nd4 12. Nxd4 cxd4 13. Re1 Be7 14. Nc4 Qc7 15. Qe2 Kf8 16. b3 Bc5 17. Bb2 Bd7 18. Rac1 a5 19. Ne5 Rc8 20. Ba3 Qd6 21. Rxc5 Rxc5 22. Bxc5 Qxc5 23. Nxd7+ Nxd7 24. Qe8# 1-0


[Site "https://www.chess.com"]

[Event "Titled Tuesday Blitz January 31 Early 2023"]
[White "Ronka, Erik"]
[Black "Leiva, Gianmarco"]
[WhiteFideId "505080"]
[BlackFideId "3804399"]
[WhiteElo "2276"]
[BlackElo "2392"]
[Result "1/2-1/2"]
[Round "10"]
[TimeControl "180+2"]
[Date "2023.01.31"]
[WhiteClock "0:00:08"]
[BlackClock "0:00:03"]

1. e4 c5 2. Nf3 d6 3. Bb5+ Nd7 4. d4 cxd4 5. Qxd4 a6 6. Bxd7+ Bxd7 7. c4 Rc8 8. Nc3 Qc7 9. b3 e5 10. Qd3 b5 11. Nd2 Nf6 12. Bb2 b4 13. Nd1 Be7 14. O-O O-O 15. Ne3 Qb7 16. Rfd1 Bc6 17. f3 Rfd8 18. Ndf1 Bf8 19. h3 a5 20. Nd5 Nxd5 21. exd5 Bd7 22. Kh2 g6 23. Ng3 f5 24. f4 Bg7 25. Re1 Re8 26. Ne2 a4 27. Ng1 a3 28. Bc1 e4 29. Qc2 Bxa1 30. Bxa3 Bc3 31. Rd1 Ra8 32. Bc1 Qa7 33. Qe2 Qxa2 34. Qf1 Qxb3 35. Ne2 Bg7 36. Nd4 Bxd4 37. Rxd4 Ra1 38. Rd1 Rb1 39. Qe2 Ra8 40. Qd2 Qc3 41. Qe2 Raa1 42. Bd2 Rxd1 43. Bxc3 bxc3 44. Qc2 Rdc1 45. Qb3 Rcb1 46. Qxc3 Kf7 47. Qd4 Kg8 48. c5 Rd1 49. Qc4 Rac1 50. Qa6 Rxc5 51. Qxd6 Rcxd5 52. Qe7 R1d3 53. Qd8+ Kf7 54. Qh8 Be8 55. Qxh7+ Ke6 56. Qg8+ Bf7 57. Qc8+ Ke7 58. Qc7+ Rd7 59. Qe5+ Kf8 60. Qh8+ Bg8 61. Qf6+ Bf7 62. Qh8+ Ke7 63. Qe5+ Be6 64. Qg7+ Kd8 65. Qf8+ Kc7 66. Qc5+ Kb7 67. Qb5+ Kc8 68. Qc6+ Kb8 69. Qxe6 e3 70. Qb6+ Kc8 71. Qc6+ Kd8 72. Qf6+ Re7 73. Qb6+ Ke8 74. Qxg6+ Kd8 75. Qb6+ Ke8 76. Qg6+ Kd8 77. Qb6+ Kc8 78. Qc6+ Kd8 79. Qb6+ 1/2-1/2


[Site "https://www.chess.com"]

[Event "Titled Tuesday Blitz January 31 Early 2023"]
[White "Arabidze, Meri"]
[Black "Kochetov, Andrey"]
[WhiteFideId "13604040"]
[BlackFideId "24130532"]
[WhiteElo "2441"]
[BlackElo "2165"]
[Result "1-0"]
[Round "10"]
[TimeControl "180+2"]
[Date "2023.01.31"]
[WhiteClock "0:01:10"]
[BlackClock "0:00:03"]

1. Nf3 Nf6 2. b3 d5 3. Bb2 Bf5 4. c4 e6 5. e3 c5 6. cxd5 Nxd5 7. Bb5+ Nc6 8. Ne5 Qc7 9. O-O Bd6 10. f4 O-O-O 11. Bxc6 bxc6 12. Qe2 Nb4 13. e4 Bg6 14. Na3 f6 15. Nxg6 hxg6 16. e5 fxe5 17. fxe5 Be7 18. Nc4 Rhf8 19. a3 Nc2 20. Rac1 Nd4 21. Bxd4 cxd4 22. d3 Rf5 23. Rxf5 gxf5 24. b4 g6 25. Na5 c5 26. Nc4 Rd5 27. b5 Kd8 28. a4 Qb7 29. Rb1 a6 30. Qd2 g5 31. Qa5+ Ke8 32. Qxa6 Qc7 33. b6 Qb8 34. b7 Rd7 35. Qa8 Rd8 36. Qxb8 Rxb8 37. a5 Bd8 38. a6 1-0


[Site "https://www.chess.com"]

[Event "Titled Tuesday Blitz January 31 Early 2023"]
[White "Bochnicka, Vladimir"]
[Black "Yelisieiev, Yevhenii"]
[WhiteFideId "14943450"]
[BlackFideId "14139642"]
[WhiteElo "2327"]
[BlackElo "2418"]
[Result "0-1"]
[Round "10"]
[TimeControl "180+2"]
[Date "2023.01.31"]
[WhiteClock "0:00:04"]
[BlackClock "0:01:13"]

1. e4 d6 2. d4 Nf6 3. Nc3 e5 4. Nge2 c6 5. h3 b5 6. a3 a5 7. g4 Bb7 8. Bg2 b4 9. axb4 axb4 10. Rxa8 Bxa8 11. Nb1 exd4 12. g5 Nfd7 13. Nxd4 Be7 14. f4 O-O 15. O-O g6 16. Be3 c5 17. Ne2 Nb6 18. Nd2 d5 19. Kh2 d4 20. Bf2 Qc7 21. Bg3 Rd8 22. f5 Bd6 23. Qe1 N8d7 24. Qf2 Bxg3+ 25. Nxg3 Ne5 26. Nf3 Nbc4 27. fxg6 hxg6 28. b3 Ne3 29. Nxe5 Nxf1+ 30. Bxf1 Qxe5 31. Bc4 Rd7 32. h4 Bxe4 33. Qe2 Re7 34. Qg4 Bf5 35. Qf3 Qe3 36. Qa8+ Re8 37. Qb7 Qf2+ 38. Qg2 Qxg2+ 39. Kxg2 Bxc2 0-1


[Site "https://www.chess.com"]

[Event "Titled Tuesday Blitz January 31 Early 2023"]
[White "Odegov, Artem"]
[Black "Vagman, Roy"]
[WhiteFideId "34183644"]
[BlackFideId "2828995"]
[WhiteElo "2261"]
[BlackElo "2273"]
[Result "1-0"]
[Round "10"]
[TimeControl "180+2"]
[Date "2023.01.31"]
[WhiteClock "0:00:15"]
[BlackClock "0:00:03"]

1. d4 Nf6 2. c4 g6 3. Nc3 Bg7 4. e4 d6 5. h3 O-O 6. Be3 Nc6 7. d5 Ne5 8. f4 Ned7 9. Nf3 c6 10. Qd2 cxd5 11. cxd5 Nc5 12. Bxc5 dxc5 13. e5 Nd7 14. Be2 a6 15. a4 b6 16. O-O Bb7 17. Rad1 Rc8 18. Ng5 h6 19. Nge4 c4 20. Bg4 b5 21. axb5 axb5 22. Nxb5 Qb6+ 23. Nd4 Nc5 24. Bxc8 Nxe4 25. Qe3 Bxd5 26. Bg4 e6 27. Bf3 Ng3 28. Rfe1 Bxf3 29. Qxf3 Nf5 30. Qf2 Nxd4 31. Qxd4 Qb5 32. Re4 Rc8 33. Rc1 Bf8 34. Kh1 Kg7 35. Kh2 Bc5 36. Qd2 Bb4 37. Qe2 Qd5 38. Rexc4 Rb8 39. Qe4 Qd2 40. R1c2 Qd1 41. Qe2 Qa1 42. Rc7 Ba5 43. Rd7 Qa4 44. Rd3 Qxf4+ 45. g3 Qb4 46. Qf3 Rb7 47. Qf6+ Kh7 48. h4 h5 49. Rf3 Qa4 50. Rc8 Rxb2+ 51. Rf2 Rxf2+ 52. Qxf2 Qd7 53. Ra8 Bd8 54. Ra6 Be7 55. Ra7 Qe8 56. Rb7 Kg7 57. Kh3 Qd8 58. Kh2 Qe8 59. Qb6 Qd8 60. Qxd8 Bxd8 61. Kh3 Ba5 62. g4 hxg4+ 63. Kxg4 Bc3 64. Kf4 Be1 65. Kg4 Bc3 66. Rb5 Ba1 67. Kf4 Bc3 68. Rb1 Bd2+ 69. Ke4 Bh6 70. Rf1 g5 71. h5 Kg8 72. Kf3 Kg7 73. Kg4 Kg8 74. Rf6 Bg7 75. Kxg5 Kf8 76. h6 Bxf6+ 77. Kxf6 Kg8 78. Ke7 f5 79. exf6 e5 80. f7+ Kh7 81. f8=Q e4 82. Qg7# 1-0


[Site "https://www.chess.com"]

[Event "Titled Tuesday Blitz January 31 Early 2023"]
[White "Ordekalog"]
[Black "Khamdamova, Afruza"]
[BlackFideId "14210444"]
[WhiteElo "2589"]
[BlackElo "2162"]
[Result "0-1"]
[Round "10"]
[TimeControl "180+2"]
[Date "2023.01.31"]
[WhiteClock "0:00:02"]
[BlackClock "0:00:12"]

1. d4 Nf6 2. c4 e6 3. Nc3 d5 4. cxd5 exd5 5. Bg5 Be7 6. e3 O-O 7. Bd3 c6 8. Nge2 Nbd7 9. Qc2 Re8 10. O-O Nf8 11. f3 Nh5 12. Bxe7 Qxe7 13. e4 dxe4 14. fxe4 Ng6 15. e5 Qg5 16. Ne4 Qe3+ 17. Kh1 Be6 18. Rf3 Qh6 19. Raf1 Re7 20. Nd6 Rf8 21. Bxg6 hxg6 22. Nc3 Bg4 23. Rd3 f6 24. h3 Be6 25. Kg1 fxe5 26. Rxf8+ Kxf8 27. dxe5 Kg8 28. Qd2 Nf4 29. Rd4 Nd5 30. Nxd5 Bxd5 31. Rxd5 cxd5 32. Qxd5+ Kh7 33. Nc4 Qc1+ 34. Kh2 Qf4+ 35. Kg1 Rc7 36. b3 a6 37. Qd6 Rf7 38. e6 Qxd6 39. Nxd6 Re7 40. a4 b6 41. Ne4 Kh6 42. a5 Rxe6 43. Nc3 bxa5 44. Kf2 Rc6 45. Nd5 Rc5 46. Ne3 Rb5 47. Nc4 Rxb3 48. Nxa5 Rb5 49. Nc4 a5 50. h4 a4 51. g4 Rb4 52. Nd6 Rxg4 53. Nf7+ Kh5 0-1


[Site "https://www.chess.com"]

[Event "Titled Tuesday Blitz January 31 Early 2023"]
[White "Wahedi, Ahmad Siar"]
[Black "EREBUNI91"]
[WhiteFideId "4651260"]
[WhiteElo "2274"]
[BlackElo "2542"]
[Result "0-1"]
[Round "10"]
[TimeControl "180+2"]
[Date "2023.01.31"]
[WhiteClock "0:01:20"]
[BlackClock "0:02:13"]

1. e4 c5 2. Nf3 e6 3. c3 Nf6 4. d3 Nc6 5. Be2 Qc7 6. Nbd2 d5 7. a3 Bd6 8. b4 b6 9. Bb2 Bb7 10. Qb3 Ne5 11. Nxe5 Bxe5 12. exd5 Bxd5 13. c4 Bxg2 14. Rg1 Bxb2 15. Qxb2 Qxh2 16. O-O-O h5 17. Nf3 Bxf3 18. Bxf3 Qf4+ 19. Kb1 Qxf3 20. Rde1 Qxd3+ 21. Ka1 Qd4 0-1


[Site "https://www.chess.com"]

[Event "Titled Tuesday Blitz January 31 Early 2023"]
[White "Gjestemoen-VonHirsch, Andre"]
[Black "Sukandar, Irine Kharisma"]
[WhiteFideId "1539531"]
[BlackFideId "7101937"]
[WhiteElo "2314"]
[BlackElo "2390"]
[Result "1-0"]
[Round "10"]
[TimeControl "180+2"]
[Date "2023.01.31"]
[WhiteClock "0:01:10"]
[BlackClock "0:00:01"]

1. d4 Nf6 2. Bf4 d5 3. e3 c5 4. Nd2 Nc6 5. Ngf3 e6 6. c3 Bd6 7. Bg3 O-O 8. Bd3 Qe7 9. Ne5 cxd4 10. exd4 Nd7 11. Ndf3 f6 12. Nxd7 Bxd7 13. Qc2 f5 14. Bxd6 Qxd6 15. O-O Rac8 16. Qe2 Rce8 17. Rfe1 Re7 18. Bb5 Nb8 19. a4 a6 20. Bd3 Be8 21. Ne5 Nd7 22. a5 Nxe5 23. Qxe5 Qxe5 24. Rxe5 Bc6 25. Rae1 Kf7 26. Bxf5 Rfe8 27. Bxh7 g6 28. Rg5 Kf6 29. Rxg6+ 1-0


[Site "https://www.chess.com"]